 Dungeon Crawl Stone Soup version 0.30-a0-457-g4b7bca3bfa (webtiles) character file.

Game seed: 2969217245580977870

534 ytrimaz the Magician (level 7, -5/36 HPs)
             Began as a Deep Elf Air Elementalist on Dec 13, 2022.
             Was an Initiate of Ashenzari.
             Killed from afar by a steam dragon (26 damage)
             ... with a ball of steam
             ... on level 6 of the Dungeon.
             The game lasted 00:09:33 (6054 turns).

ytrimaz the Magician (Deep Elf Air Elementalist)    Turns: 6054, Time: 00:09:34

Health: -5/36      AC:  2    Str:  5    XL:     7   Next: 4%
Magic:  14/19      EV: 13    Int: 22    God:    Ashenzari [......]
Gold:   203        SH:  0    Dex: 15    Spells: 10/20 levels left

rFire   . . .      SeeInvis .    e - +2 dagger (protect)
rCold   . . .      Faith    .    (no shield)
rNeg    . . .      Spirit   .    a - +0 robe
rPois   .          Reflect  .    (no helmet)
rElec   .          Harm     .    (no cloak)
rCorr   .          Rampage  .    (no gloves)
Will    +....                    (no boots)
Stlth   +++++.....               (no amulet)
HPRegen 0.26/turn                j - ring of willpower
MPRegen 0.16/turn                s - ring of Shadows {Umbra +Inv Stlth+, Cun, Elem} (curse)

@: brilliant, wreathed by umbra
A: no striking features
a: Renounce Religion, Evoke Invisibility, Curse Item, Shatter the Chains


You were on level 6 of the Dungeon.
You worshipped Ashenzari.
Ashenzari was noncommittal.
You visited 2 branches of the dungeon, and saw 7 of its levels.

You collected 203 gold pieces.


   Skills:
 - Level 2.4(2.8) Dodging
 - Level 2.4(2.8) Stealth
 + Level 7.1 Spellcasting
 - Level 3.0 Conjurations
 + Level 5.7(6.2) Air Magic


You had 10 spell levels left.
You knew the following spells:

 Your Spells              Type           Power      Damage    Failure   Level
a - Shock                 Conj/Air       100%       1d9       1%          1
b - Static Discharge      Conj/Air       84%        2-6/arc   1%          2
c - Swiftness             Air            51%        N/A       1%          3
d - Airstrike             Air            25%        2d(4-20)  6%          4

Your spell library contained the following spells:

 Spells                   Type           Power      Damage    Failure   Level


Inventory:

Hand Weapons
 e - a +2 dagger of protection (weapon)
   (You took it off a kobold on level 1 of the Dungeon)
Armour
 a - a +0 robe (worn)
 h - a +1 kite shield
   (You found it on level 2 of the Dungeon)
Jewellery
 i - a ring of magical power
   (You found it on level 4 of the Dungeon)
 j - a ring of willpower (left hand)
   (You found it on level 3 of the Dungeon)
 q - a ring of fire
   (You found it on level 4 of the Dungeon)
 r - a ring of resist corrosion
   (You found it on level 6 of the Dungeon)
 s - the cursed ring of Shadows (right hand) {Umbra +Inv Stlth+, Cun, Elem}
   (You found it on level 4 of the Dungeon)

   [ring of stealth]

   It surrounds you with an aura of shadow, increasing your stealth and reducing
   the accuracy of all others within it.
   +Inv:      It lets you turn invisible.
   Stlth:     It makes you more stealthy.
   It has a curse which improves the following skills: Cunning: Dodging and
   Stealth.
   Elements:  Fire Magic, Ice Magic, Air Magic and Earth Magic.
Wands
 f - a wand of charming (4)
   (You found it on level 5 of the Dungeon)
 l - a wand of iceblast (6)
   (You found it on level 4 of the Dungeon)
Scrolls
 c - a scroll of torment
 p - 2 scrolls of silence
 u - a scroll of fog
Potions
 b - 2 potions of magic
 d - 2 potions of cancellation
 g - a potion of curing {unknown}
 k - 2 potions of heal wounds
 n - a potion of haste {unknown}
 o - a potion of resistance {unknown}
 t - 2 potions of berserk rage
 v - a potion of might {unknown}
 w - a potion of attraction {unknown}

Dungeon Overview and Level Annotations

Branches:
Dungeon (6/15) Zot: 26800  Temple (1/1) D:5 Zot: 5915

Altars:
Ashenzari
Cheibriados
Dithmenos
Fedhas
Kikubaaqudgha
Makhleb
Sif Muna
Trog
Uskayaw
Vehumet
Wu Jian
Xom
Yredelemnul
Zin

Shops:
D:2 [

Annotations:
D:6 Prince Ribbit

.# .### ...###
#..... .. # #...#
..#
###.#####...##..#
#....ยงD.#...#...
#.#.###@ยง...F...
# #.....##h. .
#.####....# ##.
#.........##...
...
#######......#
#.# #.###### #.#
##'## #.# ##...##
#.# ##.....##
####<#


You could see Prince Ribbit, a steam dragon (catching breath) and a hound
(asleep).


Message History

The zap misses the orc. ๐Ÿ˜จ HP[+1] MP[-1]
You lost 1 mp, and now have 3/19 mp.
Aiming: Shock (safe; 1% risk of failure)
Press: ? - help, Q - select action, (/) - cycle Shift-Dir - straight line, f/p - orc
Aim: an orc, wielding a +0 whip (moderately wounded, umbra, 74% to hit)
The zap hits the orc. ๐Ÿ˜จ MP[-1]
You lost 1 mp, and now have 2/19 mp.
Aiming: Shock (safe; 1% risk of failure)
Press: ? - help, Q - select action, (/) - cycle Shift-Dir - straight line, f/p - orc
Aim: an orc, wielding a +0 whip (heavily wounded, umbra, 74% to hit)
The zap hits the orc.
The orc closely misses you. ๐Ÿ˜จ MP[-1]
You lost 1 mp, and now have 1/19 mp.
Unknown command.
Aiming: Shock (safe; 1% risk of failure)
Press: ? - help, Q - select action, (/) - cycle Shift-Dir - straight line, f/p - orc
Aim: an orc, wielding a +0 whip (severely wounded, umbra, 74% to hit)
The zap hits the orc!
You kill the orc! ๐Ÿ˜จ MP[-1]
You lost 1 mp, and now have 0/19 mp.
Unknown command.
You see here a +0 whip. ๐Ÿ˜จ HP[+1]
You hear the slow hiss of a very distant avalanche of sand.
Key pressed, stopping explore.
You hear the slow hiss of a very distant avalanche of sand.
You see here a +0 flail.
Things that are here:
a +0 club; a +0 ring mail; an orc corpse
Items here: )) [ โ€ .
You hear the slow hiss of a very distant avalanche of sand.
Key pressed, stopping explore. ๐Ÿ˜Ž HP[+22] MP[+19]
Your hp is fully restored (36).
Your mp is fully restored (19).
Unknown command.
r - a ring of resist corrosion You open the door.
There is an open door here.
You open the door.
There is an open door here.
A hound comes into view.
A steam dragon comes into view.
The steam dragon hisses angrily.
Prince Ribbit comes into view.
You feel clever all of a sudden.
Unknown command.
Unknown command.
Casting: Shock (safe; 1% risk of failure)
Confirm with . or Enter, or press ? or * to list all spells.
The spell is quite dangerous to miscast (6% risk of failure)!
Continue anyway?
Aiming: Airstrike (quite dangerous; 6% risk of failure)
Press: ? - help, Dir - move target, f - steam dragon
Aim: a steam dragon (umbra, empty space bonus: 2/8)
You feel a surge of power!
The air twists around and strikes the steam dragon.
The steam dragon barely misses you.
The steam dragon completely misses you. ๐Ÿ˜Ž MP[-2]
You lost 2 mp, and now have 17/19 mp.
Unknown command.
Casting: Airstrike (quite dangerous; 6% risk of failure)
Confirm with . or Enter, or press ? or * to list all spells.
The spell is quite dangerous to miscast (6% risk of failure)!
Continue anyway?
Okay, then.
Casting: Airstrike (quite dangerous; 6% risk of failure)
Confirm with . or Enter, or press ? or * to list all spells.
The spell is quite dangerous to miscast (6% risk of failure)!
Continue anyway?
Aiming: Airstrike (quite dangerous; 6% risk of failure)
Press: ? - help, Dir - move target, f/p - steam dragon
Aim: a steam dragon (lightly wounded, umbra, empty space bonus: 1/8)
You feel a surge of power!
The air twists around and strikes the steam dragon!
Prince Ribbit blinks!
The steam dragon closely misses you.
The steam dragon barely misses you. ๐Ÿ˜Ž MP[-2]
You lost 2 mp, and now have 15/19 mp.
Unknown command.
Okay, then.
Casting: Airstrike (quite dangerous; 6% risk of failure)
Confirm with . or Enter, or press ? or * to list all spells.
You feel a surge of power!
The steam dragon is struck by an arc of lightning.
You are struck by an arc of lightning.
The steam dragon is struck by an arc of lightning.
You are struck by an arc of lightning.
The steam dragon is struck by an arc of lightning.
The lightning grounds out.
Prince Ribbit is struck by an arc of lightning.
You are struck by an arc of lightning.
Prince Ribbit is struck by an arc of lightning!
You are struck by an arc of lightning.
The lightning grounds out.
Prince Ribbit hops awkwardly around.
Prince Ribbit blinks!
The steam dragon breathes steam at you. The ball of steam hits you!!
Ouch! That really hurt!
You die...

Skill      XL: |  1  2  3  4  5  6 |
---------------+-------------------+-----
Conjurations   | 2 3 |  3.0
Spellcasting   | 4 5 7 |  7.1
Air Magic      | 4 5 |  5.7
Dodging        | |  2.4
Stealth        | |  2.4

Action                   |  1- 3 |  4- 6 |  7- 9 || total
-------------------------+-------+-------+-------++-------
Melee: Unarmed           |     3 |       |       ||     3
       Dagger            |     6 |    16 |       ||    22
 Cast: Shock             |    80 |   125 |     9 ||   214
       Static Discharge  |     3 |    14 |     2 ||    19
       Swiftness         |       |     2 |       ||     2
       Airstrike         |       |     2 |     2 ||     4
Invok: Curse Item        |       |     1 |       ||     1
  Use: Scroll            |     2 |    14 |       ||    16
       Potion            |       |       |     1 ||     1
 Stab: Sleeping          |     1 |       |       ||     1
Armor: Robe              |     6 |     7 |       ||    13
Dodge: Dodged            |    35 |    47 |     6 ||    88

Levels and vault maps discovered:
D:1:      sevenhm_arrival_forest_fort_large_3, layout_basic, minmay_vboxes
D:2:      layout_basic, serial_shops, nicolae_shop_trees, glass_columns_b,
          serial_park_tiny_1
D:3:      layout_loops_ring, ashenzari_conservatory_becter, minivault_19,
          chequers_serial_rivers_micro_b, minmay_misc_feat_tiny,
          minmay_strange_pillars
D:4:      layout_basic
D:5:      layout_loops_corners, mainiacjoe_overflow_boulevard,
          mainiacjoe_overflow_alcove_3, minmay_temple_entry_glass
D:6:      layout_loops_corners, kennysheep_mini, nicolae_ossuary_entry_ruins,
          uniq_maggie, uniq_eustachio, uniq_prince_ribbit1
Temple:   nicolae_temple_colour_theory

Notes
Turn   | Place    | Note
-------+----------+-------------------------------------------
     0 | D:1      | ytrimaz the Deep Elf Air Elementalist began the quest for
                  | the Orb.
     0 | D:1      | Reached XP level 1. HP: 10/10 MP: 6/6
     0 | D:1      | magus.rc [v1.9.6]
    46 | D:1      | You fall into a shaft and drop 1 floor!
    46 | D:2      | Found Liaph's Antique Armour Emporium.
   255 | D:2      | Reached XP level 2. HP: 15/15 MP: 2/8
   443 | D:1      | Reached skill level 2 in Conjurations
   526 | D:1      | Reached XP level 3. HP: 19/19 MP: 10/10
   529 | D:1      | Learned a level 2 spell: Static Discharge
   876 | D:1      | Reached skill level 4 in Spellcasting
  2263 | D:2      | Reached XP level 4. HP: 24/24 MP: 10/12
  2392 | D:3      | Learned a level 3 spell: Swiftness
  2398 | D:3      | Learned a level 4 spell: Airstrike
  2570 | D:3      | Found a broken altar of Ashenzari.
  2629 | D:3      | Became a worshipper of Ashenzari the Shackled
  3814 | D:4      | Reached skill level 3 in Conjurations
  3841 | D:4      | Reached skill level 4 in Air Magic
  3922 | D:4      | Noticed a phantom
  3930 | D:4      | Killed a phantom
  3931 | D:4      | Reached skill level 5 in Spellcasting
  3931 | D:4      | Reached XP level 5. HP: 15/28 MP: 6/14
  4051 | D:4      | Found the ring of Shadows {Umbra +Inv Stlth+}
  4500 | D:5      | Entered Level 5 of the Dungeon
  4694 | D:5      | Reached XP level 6. HP: 32/32 MP: 5/16
  4822 | D:5      | Reached skill level 6 in Spellcasting
  4822 | D:5      | Reached skill level 5 in Air Magic
  5138 | D:5      | Found a basalt altar of Yredelemnul.
  5491 | D:5      | Found a staircase to the Ecumenical Temple.
  5629 | D:5      | Found a radiant altar of Vehumet.
  5630 | D:5      | Found a shimmering altar of Xom.
  5632 | D:5      | Found a bloodstained altar of Trog.
  5632 | D:5      | Found a glowing silver altar of Zin.
  5727 | Temple   | Entered the Ecumenical Temple
  5867 | D:6      | Reached skill level 7 in Spellcasting
  5867 | D:6      | Reached XP level 7. HP: 10/36 MP: 8/19
  5867 | D:6      | HP: 9/36 [/static electricity (1)]
  6044 | D:6      | Noticed a steam dragon
  6048 | D:6      | Noticed Prince Ribbit
  6054 | D:6      | Killed from afar by a steam dragon

Vanquished Creatures
  A centaur (D:6)
  A phantom (D:4)
  A jelly (D:5)
  A gnoll bouda (D:5)
  An orc priest (D:5)
  2 orc wizards (D:5)
  5 adders
  4 gnolls (D:5)
  A white imp (D:5)
  2 ufetubi
  A worm (D:4)
  5 dart slugs
  20 orcs
  6 ball pythons
  4 endoplasms
  5 giant cockroaches
  7 goblins
  A hobgoblin (D:4)
  10 jackals
  14 kobolds
  A quokka (D:5)
  8 bats
  3 frilled lizards
  10 rats
114 creatures vanquished.

Table legend:
 A = Non-vault XP
 B = Vault XP
 C = Vault XP percentage of total XP
 D = Non-vault monster count
 E = Vault monster count
 F = Vault count percentage of total count
                 A         B        C        D         E       F
            +---------+---------+-------+---------+---------+-------
      Total |     755 |       9 |   1.2 |     108 |       6 |   5.3
            +---------+---------+-------+---------+---------+-------
        D:1 |      47 |       9 |  16.1 |      28 |       6 |  17.6
        D:2 |      46 |       0 |   0.0 |      18 |       0 |   0.0
        D:3 |      46 |       0 |   0.0 |      17 |       0 |   0.0
        D:4 |     147 |       0 |   0.0 |      11 |       0 |   0.0
        D:5 |     339 |       0 |   0.0 |      27 |       0 |   0.0
        D:6 |     130 |       0 |   0.0 |       7 |       0 |   0.0
            +---------+---------+-------+---------+---------+-------

Illustrated notes

Table legend:
 A = Kills in this place as a percentage of kills in entire the game.
 B = Kills by you in this place as a percentage of kills by you in the entire game.
 C = Kills by friends in this place as a percentage of kills by friends in the entire game.
 D = Other kills in this place as a percentage of other kills in the entire game.
 E = Experience gained in this place as a percentage of experience gained in the entire game.
 F = Experience gained in this place divided by the number of levels of this place that you have seen.
                   A       B       C       D       E      F
               +-------+-------+-------+-------+-------+----------------------
         Total | 100.0 | 100.0 |   N/A |   N/A | 100.0 | 109.1
       Dungeon | 100.0 | 100.0 |   N/A |   N/A | 100.0 | 127.3
               +-------+-------+-------+-------+-------+----------------------

Table legend: (Time is in decaauts)
 A = Elapsed time spent in this place.
 B = Non-inter-level travel time spent in this place.
 C = Inter-level travel time spent in this place.
 D = Time resting spent in this place.
 E = Time spent auto-exploring this place.
 F = Levels seen in this place.
 G = Mean time per level.
                   A        B        C        D        E       F      G
               +--------+--------+--------+--------+--------+-----+--------+
         Total |   6050 |   5887 |    163 |    118 |   5055 |   7 |  864.3 |
       Dungeon |   5965 |   5802 |    163 |    118 |   4990 |   6 |  994.2 |
        Temple |     84 |     84 |      0 |      0 |     65 |   1 |   84.0 |
               +--------+--------+--------+--------+--------+-----+--------+

Top non-repeatable levels by time:
     D:1: 1277 daAuts
     D:5: 1270 daAuts
     D:2: 1108 daAuts
     D:4: 1088 daAuts
     D:3: 1021 daAuts
     D:6: 198 daAuts
  Temple: 84 daAuts
